 Dungeon Crawl Stone Soup version 0.29.0-13-gc9e81de378 (webtiles) character file.

Game seed: 16313051037894313989

50448 groovy9 the Severer (level 14, -2/129 HPs)
             Began as a Hill Orc Fighter on Sept 11, 2022.
             Was the Champion of Okawaru.
             Slain by an alligator (6 damage)
             ... on level 3 of the Lair of Beasts.
             The game lasted 01:07:19 (18648 turns).

groovy9 the Severer (Hill Orc Fighter)             Turns: 18648, Time: 01:07:20

Health: -2/129     AC: 34    Str: 33    XL:     14   Next: 55%
Magic:  24/24      EV:  8    Int: 14    God:    Okawaru [******]
Gold:   1462       SH:  6    Dex: 10    Spells: 13/13 levels left

rFire   . . .      SeeInvis +   a - +4 broad axe (vorpal)
rCold   . . .      Faith    .   c - +0 buckler
rNeg    . . .      Spirit   .   y - +7 plate armour of Neneps {rElec Str-3 Int+6 SInv}
rPois   .          Reflect  .   e - +2 helmet
rElec   +          Harm     .   I - +1 cloak {rCorr}
rCorr   +          Rampage  +   w - +1 pair of gloves
Will    +....                   H - +2 pair of boots of the Black Moon {Rampage Regen+}
Stlth   ..........              (no amulet)
HPRegen 1.11/turn               F - +6 ring of strength
MPRegen 0.19/turn               z - +6 ring of strength

@: lethally poisoned (-2 -> -16), about to teleport, very slow
A: no striking features
a: Renounce Religion, Heroism, Finesse, Duel


You were on level 3 of the Lair of Beasts.
You worshipped Okawaru.
Okawaru was exalted by your worship.
You visited 4 branches of the dungeon, and saw 16 of its levels.
You also visited: Ossuary and Ice Cave.

You collected 3049 gold pieces.
You spent 1587 gold pieces at shops.

Inventory:

Hand Weapons
 a - a +4 vorpal broad axe (weapon)
 b - a +1 flail of protection
Missiles
 o - 5 throwing nets (quivered)
Armour
 c - a +0 buckler (worn)
 e - a +2 helmet (worn)
 w - a +1 pair of gloves (worn)
 y - the +7 plate armour of Neneps (worn) {rElec Str-3 Int+6 SInv}
   (You bought it in a shop on level 2 of the Orcish Mines)

   Str:       It affects your strength (-3).
   Int:       It affects your intelligence (+6).
   rElec:     It insulates you from electricity.
   SInv:      It lets you see invisible.
 H - the +2 pair of boots of the Black Moon (worn) {Rampage Regen+}
   (Okawaru gifted it to you on level 10 of the Dungeon)

   Regen:     It increases your rate of health regeneration.
   Rampage:   It bestows one free step when moving towards enemies.
 I - a +1 cloak of preservation (worn)
Jewellery
 p - a ring of see invisible
 s - a ring of protection from cold
 z - a +6 ring of strength (right hand)
 F - a +6 ring of strength (left hand)
Scrolls
 d - a scroll of magic mapping
 f - a scroll of fear
 g - 7 scrolls of identify
 h - 2 scrolls of blinking
 i - 7 scrolls of immolation
 x - 4 scrolls of amnesia
 B - 2 scrolls of silence
 C - 3 scrolls of poison
Potions
 j - 5 potions of flight
 k - 5 potions of degeneration
 l - 2 potions of cancellation
 m - a potion of berserk rage
 n - a potion of resistance
 r - 5 potions of mutation
 t - 5 potions of curing
 u - 4 potions of haste
 v - 3 potions of might
 A - 2 potions of ambrosia
 D - 2 potions of lignification
 E - a potion of heal wounds
 J - 4 potions of brilliance
Miscellaneous
 q - a tin of tremorstones (2/2)


   Skills:
 + Level 13.1 Fighting
 + Level 17.9 Axes
 + Level 12.1 Armour
 + Level 12.1 Shields
 + Level 13.6 Invocations


You had 13 spell levels left.
You didn't know any spells.
Your spell library contained the following spells:

 Spells                   Type           Power      Damage    Failure   Level
 Ensorcelled Hibernation  Hex/Ice        0%         N/A       96%         2
 Static Discharge         Conj/Air       0%         3-3/arc   96%         2
 Spider Form              Tmut/Pois      0%         N/A       99%         3
 Stone Arrow              Conj/Erth      0%         3d7       99%         3
 Anguish                  Hex/Necr       0%         N/A       100%        4
 Dispel Undead            Necr           0%         3d6       100%        4
 Sticky Flame             Conj/Fire      0%         2d3       100%        4
 Fireball                 Conj/Fire      0%         3d3       100%        5
 Iskenderun's Battlesphe  Conj           0%         2d6       100%        5
 Conjure Ball Lightning   Conj/Air       0%         3x3d6     100%        6
 Orb of Destruction       Conj           0%         9d5       100%        7
 Lehudib's Crystal Spear  Conj/Erth      0%         10d2      100%        8
 Animate Armour           Summ/Erth      Unusable   N/A       N/A         4

Dungeon Overview and Level Annotations

Branches:
Dungeon (10/15)            Temple (1/1) D:6            Lair (3/5) D:8
 Shoals (0/4) Lair:2        Snake (0/4) Lair:2          Orc (2/2) D:10
    Elf (0/3) Orc:2       Ossuary (visited)           IceCv (visited)

Altars:
Ashenzari
Cheibriados
Dithmenos
Elyvilon
Fedhas
Gozag
Hepliaklqana
Kikubaaqudgha
Makhleb
Nemelex Xobeh
Okawaru
Qazlal
Ru
Sif Muna
Trog
Uskayaw
Vehumet
Wu Jian
Xom
Yredelemnul
Zin
The Shining One
Beogh

Shops:
D:3 (*[   D:7 *   Orc:1 [   Orc:2 :![!

Annotations:
D:8 exclusion: statue
D:9 2 runed translucent doors, Arex's ghost, novice HOHu


Message History

The swamp dragon breathes poison at you.
The blast of poison engulfs you but does no damage.
You are more poisoned.
An alligator comes into view.
The swamp worm fires a harpoon shot at you.
The harpoon shot hits you!
* * * LOW HITPOINT WARNING * * *
You are yanked forward by the harpoon shot.
You violently stop moving!
As you read the scroll of teleportation, it crumbles to dust.
You feel strangely unstable.
You are engulfed in poison gas.
You are lethally poisoned!
* * * LOW HITPOINT WARNING * * *
x2 You feel extremely sick.
The swamp dragon bites you but does no damage.
You block the swamp dragon's attack.
The swamp dragon tramples you but does no damage.
The swamp dragon attacks as you move away!
The swamp dragon bites you.
* * * LOW HITPOINT WARNING * * *
The swamp dragon claws you but does no damage.
The swamp dragon completely misses you.
* * * LOW HITPOINT WARNING * * *
You feel extremely sick. You block the alligator's attack.
The alligator tail-slaps you but does no damage.
The alligator puts on a burst of speed!
The alligator bites you but does no damage.
The alligator tail-slaps you but does no damage.
The swamp dragon attacks as you move away!
You block the swamp dragon's attack. The swamp dragon claws you.
* * * LOW HITPOINT WARNING * * *
The swamp dragon tramples you but does no damage.
The swamp worm attacks as you move away!
The swamp worm barely misses you.
You enter the shallow water.
Moving in this stuff is going to be slow.
* * * LOW HITPOINT WARNING * * *
You feel extremely sick. The alligator bites you.
You die...

..# #≈≈≈~..P.≈ ≈~. ..#
≈#≈≈≈≈≈~~..##~.# ..#
#≈≈#≈≈≈≈.~.~.≈.# ≈ ..#
≈≈≈≈≈≈≈#≈#..~..... ..#
#≈≈≈#≈#~~.≈~≈.~~ ..##
#≈≈≈≈.~?#~#≈≈≈~. ...#
#≈≈~≈○°~≈≈≈#≈≈# >..≈≈≈#
###≈≈.~wt#≈≈≈##
..#≈≈≈≈≈#≈≈○○○○D@t##≈≈#
...#≈≈≈≈#≈≈≈°°○≈~≈≈≈≈≈#
....≈#≈≈#≈#≈○☼#.~.##≈≈≈≈
..##≈≈≈≈≈≈≈≈≈≈†#≈≈≈≈≈≈##
...#≈≈≈≈≈≈≈≈≈≈.≈≈≈≈≈≈##
..#≈# #≈##≈#≈...#≈##≈≈#
#... ...# # ###..#.###
### #... ...# #...###
#... ..## ##..## #...


You could see 2 alligators, a swamp dragon and a swamp worm.

Vanquished Creatures
  Saint Roka (Orc:2)
  A frost giant (IceCv)
  The ghost of bakla the Severer, a journeyman HOMo of Beogh (Lair:1)
  Josephine (Orc:2)
  5 hydras
  3 ogre magi (Orc:2)
  A boulder beetle (D:10)
  Erolcha (Orc:2)
  4 two-headed ogres
  A centaur warrior (D:10)
  4 death yaks
  3 orc high priests
  A goliath frog (Lair:3)
  A deep elf pyromancer (D:7)
  An ugly thing (IceCv)
  8 orc sorcerers (Orc:2)
  A cyclops (D:7)
  5 elephants (Lair:3)
  Maurice (Orc:1)
  3 black mambas (Lair:2)
  A torpor snail (Lair:2)
  3 cane toads
  Maggie (D:10)
  3 rime drakes
  A gargoyle (D:7)
  3 komodo dragons (Lair:3)
  12 polar bears
  3 trolls
  A slime creature (D:7)
  Sigmund (D:6)
  A vampire (D:10)
  5 wraiths
  6 wyverns
  21 yaks (IceCv)
  2 basilisks
  2 vampire mosquitoes (D:10)
  2 steam dragons (D:7)
  2 wargs
  A death yak simulacrum (Orc:2)
  Edmund (D:6)
  3 swamp worms (Lair:3)
  10 water moccasins
  2 acid dragons
  2 sky beasts (D:7)
  Duvessa (D:6)
  23 orc warriors
  3 ice beasts (D:7)
  7 black bears
  A swamp drake (Lair:3)
  19 wolves
  9 ogres
  5 centaurs
  3 phantoms
  3 kobold brigands
  10 bullfrogs
  4 necrophages
  Blork the orc (D:6)
  A scorpion (D:4)
  A two-headed ogre simulacrum (Orc:2)
  A gnoll sergeant (D:8)
  2 cane toad simulacra
  Dowan (D:6)
  20 killer bees
  2 electric eels (D:8)
  3 howler monkeys (D:8)
  2 komodo dragon simulacra (Lair:1)
  8 hounds
  4 gnoll boudas
  19 orc priests
  2 jellies (D:4)
  5 iguanas
  31 orc wizards
  2 yak simulacra (Lair:1)
  2 wolf simulacra (Orc:2)
  A troll simulacrum (Orc:2)
  A basilisk simulacrum (Lair:1)
  12 mummies (Ossuary)
  Robin (D:3)
  14 gnolls
  9 adders
  2 naga simulacra (Orc:2)
  3 shadow imps
  2 white imps
  2 worms (D:2)
  A dart slug (D:1)
  65 orcs
  6 endoplasms
  5 giant cockroaches
  12 goblins
  12 hobgoblins
  2 quokkas
  9 ball pythons
  7 bats
  5 frilled lizards
  2 gnoll skeletons (Ossuary)
  4 goblin skeletons (Ossuary)
  12 kobolds
  A kobold skeleton (Ossuary)
  An orc skeleton (Ossuary)
  3 rats
  11 rat skeletons (Ossuary)
536 creatures vanquished.

Vanquished Creatures (others)
  An orc priest (Orc:2)
  An orc (Orc:2)
  3 fungi
  25 plants
30 creatures vanquished.

Grand Total: 566 creatures vanquished

Notes
Turn   | Place    | Note
-------+----------+-------------------------------------------
     0 | D:1      | groovy9 the Hill Orc Fighter began the quest for the Orb.
     0 | D:1      | Reached XP level 1. HP: 19/19 MP: 1/1
   181 | D:1      | Reached skill level 3 in Axes
   294 | D:1      | Reached XP level 2. HP: 26/26 MP: 2/2
   361 | D:1      | Reached skill level 4 in Axes
   533 | D:1      | Reached XP level 3. HP: 25/31 MP: 3/3
  1166 | D:2      | Reached skill level 5 in Axes
  1472 | D:2      | Reached XP level 4. HP: 39/39 MP: 4/4
  1786 | D:2      | Found a faded altar of an unknown god.
  1927 | D:3      | Found Xinuz's Antique Armour Shoppe.
  1952 | D:3      | Reached skill level 6 in Axes
  2099 | D:3      | Found Siggaac's Antique Weapon Shop.
  2175 | D:3      | Noticed Robin
  2194 | D:3      | Killed Robin
  2195 | D:3      | Reached XP level 5. HP: 41/45 MP: 5/5
  2333 | D:3      | Found Iwo Situ's Assorted Antiques.
  2406 | D:3      | Found a sparkling altar of Nemelex Xobeh.
  2694 | D:4      | Reached skill level 7 in Axes
  2719 | D:4      | Identified the +2 leather armour of Xom's Hope {rElec MP+9}
  2929 | D:4      | Reached skill level 8 in Axes
  2929 | D:4      | Reached XP level 6. HP: 51/51 MP: 6/6
  3055 | D:4      | Identified the +3 trident "Peavumpi" {vorpal, *Slow rElec
                  | SInv Stlth-}
  3132 | D:4      | You fall into a shaft and drop 1 floor!
  3132 | D:5      | Entered Level 5 of the Dungeon
  3138 | D:5      | Noticed a black bear
  3156 | D:4      | Identified the +8 chain mail "Umod" {*Slow Will++}
  3314 | D:4      | Reached skill level 9 in Axes
  3933 | D:5      | Reached XP level 7. HP: 56/57 MP: 7/7
  4076 | D:5      | Reached skill level 10 in Axes
  4542 | D:5      | Reached skill level 11 in Axes
  4827 | D:6      | Reached XP level 8. HP: 64/64 MP: 8/8
  4879 | D:6      | Reached skill level 12 in Axes
  5090 | D:6      | Reached skill level 13 in Axes
  5257 | D:6      | Noticed Blork the orc
  5264 | D:6      | Killed Blork the orc
  5323 | D:6      | Found a staircase to the Ecumenical Temple.
  5325 | D:6      | Noticed Edmund
  5325 | D:6      | Noticed Sigmund
  5341 | D:6      | Killed Edmund
  5343 | D:6      | Killed Sigmund
  5344 | D:6      | Reached skill level 14 in Axes
  5356 | Temple   | Entered the Ecumenical Temple
  5356 | Temple   | Found a transporter.
  5356 | Temple   | Found a transporter.
  5358 | Temple   | Found a transporter.
  5358 | Temple   | Found a transporter.
  5383 | Temple   | Became a worshipper of Warmaster Okawaru
  5423 | D:6      | Identified the +9 dagger "Danwaxt" {venom, rCorr Int+2
                  | Dex+4}
  5485 | D:6      | Noticed Duvessa
  5504 | D:6      | Killed Duvessa
  5505 | D:6      | Reached XP level 9. HP: 61/70 MP: 9/9
  5511 | D:6      | Noticed Dowan
  5525 | D:6      | Killed Dowan
  5850 | D:7      | Found a basalt altar of Yredelemnul.
  5970 | D:7      | Found a sand-covered staircase.
  5975 | Ossuary  | Entered an ossuary
  6031 | Ossuary  | Reached skill level 1 in Invocations
  6526 | D:7      | Reached * piety under Okawaru
  6538 | D:7      | Reached skill level 5 in Fighting
  6643 | D:7      | Found a shadowy altar of Dithmenos.
  6687 | D:7      | Reached skill level 5 in Armour
  6687 | D:7      | Reached skill level 5 in Shields
  6788 | D:7      | Reached ** piety under Okawaru
  6825 | D:7      | Reached skill level 5 in Invocations
  6825 | D:7      | Reached XP level 10. HP: 44/83 MP: 13/13
  7149 | D:7      | Noticed a deep elf pyromancer
  7150 | D:7      | Noticed a gargoyle
  7167 | D:7      | Killed a deep elf pyromancer
  7179 | D:7      | Killed a gargoyle
  7181 | D:7      | Noticed a five-headed hydra
  7200 | D:7      | Killed a 17-headed hydra
  7200 | D:7      | Reached *** piety under Okawaru
  7212 | D:7      | Noticed a six-headed hydra
  7217 | D:7      | Noticed a two-headed ogre
  7230 | D:7      | Killed a two-headed ogre
  7230 | D:7      | Received a gift from Okawaru
  7256 | D:7      | Killed a 13-headed hydra
  7256 | D:7      | Reached **** piety under Okawaru
  7257 | D:7      | Reached XP level 11. HP: 19/94 MP: 16/16
  7689 | D:7      | Found Tuiwovud's Lightly-Used Armoury.
  8260 | D:7      | Noticed a cyclops
  8268 | D:7      | Killed a cyclops
  8562 | D:8      | Found a radiant altar of Vehumet.
  9034 | D:8      | Found a staircase to the Lair.
  9687 | D:8      | Identified a scroll of acquirement
  9687 | D:8      | Acquired 954 gold pieces
 10535 | D:9      | Noticed a two-headed ogre
 10546 | D:9      | Killed a two-headed ogre
 10546 | D:9      | Reached ***** piety under Okawaru
 10547 | D:9      | Reached skill level 15 in Axes
 10893 | D:9      | Found a glowing silver altar of Zin.
 10963 | D:9      | Found a bloodstained altar of Trog.
 11097 | D:9      | Found a large runed translucent door.
 11097 | D:9      | Found a large runed translucent door.
 11104 | D:9      | Noticed Arex's ghost (novice HOHu)
 11487 | D:10     | Entered Level 10 of the Dungeon
 11489 | D:10     | Noticed a two-headed ogre
 11504 | D:10     | Killed a two-headed ogre
 11543 | D:10     | Found a staircase to the Orcish Mines.
 11599 | D:10     | Noticed a boulder beetle
 11629 | D:10     | Killed a boulder beetle
 11814 | D:10     | Found a roughly hewn altar of Beogh.
 12028 | D:10     | Noticed Maggie
 12043 | D:10     | Killed Maggie
 12163 | D:10     | Found a hide-covered altar of Uskayaw.
 12272 | D:10     | Noticed a centaur warrior
 12284 | D:10     | Killed a centaur warrior
 12285 | D:10     | Reached XP level 12. HP: 82/106 MP: 19/19
 12614 | D:10     | Identified the +2 pair of boots of the Black Moon {Rampage
                  | Regen+} (Okawaru gifted it to you on level 10 of the
                  | Dungeon)
 12614 | D:10     | Received a gift from Okawaru
 12910 | Orc:1    | Entered Level 1 of the Orcish Mines
 12919 | Orc:1    | Noticed an orc high priest
 12930 | Orc:1    | Killed an orc high priest
 12932 | Orc:1    | Reached skill level 10 in Fighting
 13084 | Orc:1    | Found Qoirudum's Antique Armour Boutique.
 13118 | Orc:1    | Reached skill level 10 in Invocations
 13187 | Orc:1    | Noticed Maurice
 13198 | Orc:1    | Killed Maurice
 13431 | Orc:2    | Entered Level 2 of the Orcish Mines
 13431 | Orc:2    | Found a frozen archway.
 13537 | Orc:2    | Noticed an orc high priest
 13566 | Orc:1    | Noticed a sun demon
 13566 | Orc:1    | Killed an orc high priest
 13683 | IceCv    | Entered an ice cave
 13832 | IceCv    | Identified the +0 robe "Qobbilec" {Str+3}
 13908 | IceCv    | Reached skill level 16 in Axes
 14075 | IceCv    | Reached skill level 10 in Armour
 14101 | IceCv    | Reached skill level 10 in Shields
 14177 | IceCv    | Identified the +0 halberd "Paly" {vorpal, rF++} (Okawaru
                  | gifted it to you in an ice cave)
 14177 | IceCv    | Received a gift from Okawaru
 14210 | IceCv    | Noticed a death yak
 14210 | IceCv    | Noticed a death yak
 14210 | IceCv    | Noticed a frost giant
 14245 | IceCv    | Killed a death yak
 14246 | IceCv    | Reached XP level 13. HP: 116/116 MP: 14/21
 14276 | IceCv    | Killed a frost giant
 14953 | Orc:2    | Noticed Erolcha
 14965 | Orc:2    | Killed Erolcha
 15020 | Orc:2    | Noticed Josephine
 15045 | Orc:2    | Received a gift from Okawaru
 15047 | Orc:2    | Killed Josephine
 15196 | Orc:2    | Found Luigenk's Book Emporium.
 15259 | Orc:2    | Found a radiant altar of Vehumet.
 15274 | Orc:2    | Reached skill level 17 in Axes
 15289 | Orc:2    | Noticed Saint Roka
 15289 | Orc:2    | Found Hosil's Antique Armour Shoppe.
 15424 | Orc:2    | Found a staircase to the Elven Halls.
 15713 | Orc:2    | Bought a brightly glowing plate armour for 812 gold pieces
 15713 | Orc:2    | Identified the +7 plate armour of Neneps {rElec Str-3 Int+6
                  | SInv} (You bought it in a shop on level 2 of the Orcish
                  | Mines)
 15751 | Orc:2    | Reached ****** piety under Okawaru
 15833 | Orc:2    | Killed Saint Roka
 15836 | Orc:2    | Received a gift from Okawaru
 16000 | Orc:2    | Found an ancient bone altar of Kikubaaqudgha.
 16061 | Orc:2    | Found a roughly hewn altar of Beogh.
 16061 | Orc:2    | Found Jeynerid's Distillery.
 16082 | Orc:2    | Found Omimuw's Distillery.
 16122 | Orc:2    | Bought a potion of haste for 130 gold pieces
 16122 | Orc:2    | Bought a potion of heal wounds for 65 gold pieces
 16205 | Orc:2    | Bought a jewelled troll leather armour for 580 gold pieces
 16205 | Orc:2    | Identified the +0 troll leather armour "Reastreco" {Regen+
                  | rCorr Stlth+} (You bought it in a shop on level 2 of the
                  | Orcish Mines)
 16361 | Lair:1   | Entered Level 1 of the Lair of Beasts
 16439 | Lair:1   | Reached XP level 14. HP: 127/127 MP: 7/23
 16569 | Lair:1   | Noticed bakla's ghost (journeyman HOMo)
 16608 | Lair:1   | Found a runed translucent gate.
 16609 | Lair:1   | Found a runed translucent gate.
 16613 | Lair:1   | Found a runed translucent gate.
 17120 | Lair:1   | Killed bakla's ghost
 17375 | Lair:2   | Found a staircase to the Snake Pit.
 17620 | Lair:2   | Found a staircase to the Shoals.
 18129 | Lair:3   | Identified the +1 plate armour of Fetah {Str+2} (Okawaru
                  | gifted it to you on level 3 of the Lair of Beasts)
 18129 | Lair:3   | Received a gift from Okawaru
 18648 | Lair:3   | HP: 4/129 [poisoned by a swamp dragon (poison gas)]
 18648 | Lair:3   | Slain by an alligator

Illustrated notes

Levels and vault maps discovered:
D:1:      nicolae_arrival_somewhat_less_tricky_arrival, layout_basic,
          hangedman_abyss_or_decor_lesser_grid
D:2:      layout_basic, hellmonk_ecumenical_altar_heavens_door
D:3:      layout_basic, nemelex_diamond_rough_becter, serial_shops, shop, shop,
          shop, uniq_robin
D:4:      layout_basic, minmay_quadrilaterals
D:5:      layout_cave_pools
D:6:      layout_loops_ring, minmay_temple_entry_large_hall, uniq_edmund,
          uniq_blork_the_orc, uniq_duvessa, uniq_sigmund
D:7:      minmay_the_grid_octo_tiled_octocenter [minmay_the_grid_octo_horde,
          minmay_the_grid_octo_checkerflower, minmay_the_grid_octo_chip,
          minmay_the_grid_octo_toaster, minmay_the_grid_octo_prize_big_c,
          minmay_the_grid_square_5x5_sharp_hourglass,
          minmay_the_grid_square_5x5_tri_point,
          minmay_the_grid_square_5x5_lines,
          minmay_the_grid_square_5x5_inverted_slash], layout_loops_ring,
          mainiacjoe_overflow_24_doors, grunt_dithmenos_smoke_and_mirrors,
          enter_ossuary_2, minmay_shop_damaged
D:8:      layout_cave_pods, vehumet_statue, erik_lair_island,
          minmay_misc_feat_tower
D:9:      layout_loops_corners, mainiacjoe_overflow_alcove_2, zin_treasury,
          ebering_ghost_disaster_area
D:10:     layout_grid_maze, nicolae_uskayaw_dance_hall,
          minmay_orc_entry_temple_large, uniq_maggie
Temple:   hellmonk_temple_divided_pantheon
Lair:1:   layout_hall_layers, gammafunk_ghost_icy, cheibrodos_lair_lostbears,
          infiniplex_staircase_pool
Lair:2:   layout_misc_corridors, minmay_shoals_entry_centaurs,
          minmay_snake_entry_six_corridors, minivault_26
Lair:3:   onia_ninara_swampy_vault, layout_big_grid
Orc:1:    layout_caves, serial_shops, nicolae_shop_behind_doors, uniq_maurice
Orc:2:    kennysheep_orc_mage_school, layout_caves, special_room,
          portal_ice_cave_entry_ice_simulacra, uniq_saint_roka, uniq_erolcha,
          uniq_josephine

Skill      XL: |  1  2  3  4  5  6  7  8  9 10 11 12 13 14 |
---------------+-------------------------------------------+-----
Axes           | 3 4 5 6 8 9 11 14 15 16 17 | 17.9
Invocations    | 5 7 9 11 12 13 | 13.6
Fighting       | 6 8 9 11 12 13 | 13.1
Armour         | 5 7 8 10 11 12 | 12.1
Shields        | 5 7 8 10 11 12 | 12.1

Action                   |  1- 3 |  4- 6 |  7- 9 | 10-12 | 13-15 || total
-------------------------+-------+-------+-------+-------+-------++-------
Melee: War axe           |   104 |   154 |   315 |   841 |   303 ||  1717
       Broad axe         |       |       |       |       |   237 ||   237
       Flail             |       |       |       |       |    28 ||    28
Invok: Heroism           |       |       |       |     6 |     4 ||    10
       Finesse           |       |       |       |     3 |     6 ||     9
  Use: Scroll            |     8 |     8 |     5 |     4 |     4 ||    29
       Potion            |       |     2 |     6 |     6 |     2 ||    16
 Stab: Distracted        |       |       |       |     1 |       ||     1
Armor: Scale mail        |    15 |       |       |       |       ||    15
       Chain mail        |    31 |   107 |   149 |   489 |   185 ||   961
       Plate armour      |       |       |       |       |   222 ||   222
Dodge: Dodged            |    39 |    36 |    85 |   254 |   163 ||   577
Block: Buckler           |    19 |    42 |    40 |   186 |   142 ||   429
